 Dungeon Crawl Stone Soup version 0.29-a0-648-g6b26cc9f40 (webtiles) character file.

Game seed: 871040999790097890

9179 snetch the Protected (level 11, -6/145 HPs)
             Began as a Minotaur Berserker on June 17, 2022.
             Was an Elder of Trog.
             Mangled by an ogre
             ... wielding a +0 giant spiked club
             ... led by Lodul
              (16 damage)
             ... on level 10 of the Dungeon on June 20, 2022.
             The game lasted 00:26:13 (10221 turns).

snetch the Protected (Minotaur Berserker)          Turns: 10221, Time: 00:26:13

Health: -6/145     AC: 17    Str: 27    XL:     11   Next: 19%
Magic:  10/10      EV: 10    Int:  4    God:    Trog [****..]
Gold:   522        SH:  5    Dex: 15    Spells: 10/10 levels left

rFire   . . .      SeeInvis .   b - +2 whip (elec)
rCold   . . .      Faith    +   B - +0 buckler
rNeg    . . .      Spirit   .   l - +0 chain mail
rPois   .          Reflect  .   (helmet restricted)
rElec   .          Harm     .   s - +0 cloak
rCorr   .          Rampage  .   d - +0 pair of gloves
Will    ++...                   Q - +0 pair of boots
Stlth   ..........              M - amulet of faith
HPRegen 1.34/turn               A - +4 ring of slaying
MPRegen 0.12/turn               E - +6 ring of dexterity

@: berserking, strong-willed, regenerating, very quick
A: horns 2, retaliatory headbutt
a: Renounce Religion, Berserk, Trog's Hand, Brothers in Arms


You were on level 10 of the Dungeon.
You worshipped Trog.
Trog was greatly pleased with you.
You visited 2 branches of the dungeon, and saw 11 of its levels.

You collected 522 gold pieces.

Inventory:

Hand Weapons
 a - a +3 trident of freezing
 b - a +2 whip of electrocution (weapon)
 c - a +0 war axe
 N - a +4 mace
 O - a +2 trident of venom
 S - a +2 hand axe of freezing
 V - the +6 great sword "Goblinslayer" {vorpal, Dex+4}
   (Trog gifted it to you on level 9 of the Dungeon)

   It inflicts extra damage upon your enemies.
   Dex:       It affects your dexterity (+4).
Missiles
 g - 166 stones (quivered)
 x - 4 boomerangs
 y - 31 poisoned darts
 J - a throwing net
 L - 2 silver javelins
Armour
 d - a +0 pair of gloves (worn)
 l - a +0 chain mail (worn)
 s - a +0 cloak (worn)
 B - a +0 buckler (worn)
 Q - a +0 pair of boots (worn)
Jewellery
 j - a ring of fire
 A - a +4 ring of slaying (left hand)
 C - a ring of protection from cold
 E - a +6 ring of dexterity (right hand)
 M - an amulet of faith (around neck)
 R - a ring of poison resistance
Wands
 v - a wand of flame (25)
 I - a wand of polymorph (13)
 P - a wand of light (5)
Scrolls
 h - 6 scrolls of brand weapon {unknown}
 i - 15 scrolls of identify {unknown}
 k - 8 scrolls of teleportation {unknown}
 m - 2 scrolls of poison {unknown}
 r - 4 scrolls of noise {unknown}
 u - 3 scrolls of fear {unknown}
 w - 2 scrolls of enchant armour {unknown}
 D - 2 scrolls of fog {unknown}
 G - 2 scrolls of blinking {unknown}
 K - a scroll of summoning {unknown}
 U - 2 scrolls of enchant weapon {unknown}
 W - a scroll of magic mapping {unknown}
Potions
 e - 8 potions of curing {unknown}
 f - a potion of flight {unknown}
 n - a potion of might {unknown}
 o - a potion of ambrosia {unknown}
 p - 3 potions of berserk rage {unknown}
 q - 2 potions of heal wounds {unknown}
 t - 3 potions of degeneration {unknown}
 z - 2 potions of attraction {unknown}
 F - a potion of haste {unknown}
 H - a potion of invisibility {unknown}
 T - a potion of resistance {unknown}


   Skills:
 + Level 9.1 Fighting
 + Level 9.3(11.5) Axes
 + Level 9.9(11.5) Maces & Flails
 + Level 4.0(7.1) Polearms
 + Level 0.1 Throwing
 + Level 12.1 Armour
 + Level 3.9 Dodging
 + Level 1.7 Stealth
 + Level 4.2 Shields


You had 10 spell levels left.
You didn't know any spells.
Your spell library contained the following spells:

 Spells                   Type           Power      Damage    Failure   Level
 Magic Dart               Conj           0%         1d3       97%         1
 Necrotize                Necr           0%         1d4       97%         1
 Searing Ray              Conj           0%         2d4       99%         2
 Vampiric Draining        Necr           0%         2d6       100%        3
 Airstrike                Air            0%         N/A       100%        4
 Fulminant Prism          Conj/Hex       0%         3d6       100%        4
 Summon Lightning Spire   Summ/Air       0%         N/A       100%        4
 Agony                    Necr           0%         N/A       100%        5
 Lightning Bolt           Conj/Air       0%         1d11      100%        5


Dungeon Overview and Level Annotations

Branches:
Dungeon (10/15)            Temple (1/1) D:4
   Lair: D:8-11         Orc: D:9-12

Altars:
Ashenzari
Cheibriados
Dithmenos
Elyvilon
Fedhas
Gozag
Kikubaaqudgha
Makhleb
Nemelex Xobeh
Okawaru
Qazlal
Ru
Sif Muna
Trog
Uskayaw
Vehumet
Wu Jian
Xom
Yredelemnul
Zin
The Shining One

Annotations:
D:6 treasure behind glass


Innate Abilities, Weirdness & Mutations

You have a pair of horns on your head.
You reflexively headbutt those who attack you in melee.


Message History

The ogre is moderately wounded.
You whack the ogre! You headbutt the ogre.
The ogre is almost dead.
An ogre comes into view. It is wielding a +0 giant club. x2
You fail to use your ability.
Lodul lets out a whooping war cry.
Lodul hits you with a +0 vorpal dire flail!
* * * LOW HITPOINT WARNING * * *
x2 The ogre hits you with a +0 giant club!
* * * LOW HITPOINT WARNING * * *
Unknown command.
A red film seems to cover your vision as you go berserk!
You feel yourself moving faster!
You feel mighty! Trog will no longer gift you weapons.
An ogre comes into view. It is wielding a +0 giant spiked club.
Lodul closely misses you. You block the ogre's attack.
The ogre shouts!
You whack the ogre! Lightning courses through the ogre!
You kill the ogre!
Trog accepts your kill.
Your Fighting skill increases to level 9!
You hit Lodul but do no damage. Lightning courses through Lodul!
Your headbutt misses Lodul.
Lodul is lightly wounded.
You whack Lodul! Your headbutt misses Lodul.
Lodul is moderately wounded.
You hit Lodul. You headbutt Lodul!
Lodul is heavily wounded.
Lodul hits you with a +0 vorpal dire flail!
* * * LOW HITPOINT WARNING * * *
x2 You whack Lodul!
Lightning courses through Lodul!
Lodul is almost dead.
You whack Lodul!
You kill Lodul!
Trog accepts your kill.
Unknown command.
You whack the ogre!
The ogre is heavily wounded.
The ogre hits you with a +0 giant spiked club!
You die...

...........##.#
..............#
...............
.............# ..
...$......O#.### ...
............O..###.#
...........#O#.....###
..........O#).........
#..##..###†@O......#..
.. ##..###...........
# ##.####†......#..
#.†.†.#.........
######...........
..............#..
#######.......# #
##..############ #...#
#.......#


You could see 5 ogres.

Vanquished Creatures
  A two-headed ogre (D:8)
  Lodul (D:10)
  Pikel (D:5)
  A deep elf pyromancer (D:9)
  An ugly thing (D:9)
  A kobold demonologist (D:9)
  A troll (D:10)
  A jumping spider (shapeshifter) (D:9)
  14 yaks
  2 basilisks (D:10)
  Eustachio (D:4)
  A steam dragon (D:10)
  2 water moccasins (D:5)
  A black bear (D:8)
  2 orc warriors
  A sky beast (D:6)
  2 ogres
  3 centaurs
  2 lemures (D:5)
  2 phantoms (D:6)
  3 kobold brigands
  The ghost of Wiilli the Ducker, an amateur SpVM (D:3)
  2 bullfrogs
  A necrophage (D:6)
  3 gnoll sergeants
  2 scorpions
  5 wights (D:9)
  5 howler monkeys
  A quasit (D:8)
  2 orc priests
  3 hounds
  4 jellies
  2 gnoll shamans (D:7)
  13 orc wizards
  6 iguanas
  3 adders
  25 gnolls
  2 shadow imps (D:8)
  6 white imps
  4 ufetubi
  A worm (D:2)
  3 dart slugs
  31 orcs
  6 ball pythons
  5 bats
  4 endoplasms
  4 goblins
  3 hobgoblins
  4 jackals (D:4)
  12 kobolds
  3 quokkas
  12 frilled lizards
  5 rats
227 creatures vanquished.

Vanquished Creatures (others)
  2 demonic plants (D:8)
  4 fungi (D:10)
  15 plants (D:10)
21 creatures vanquished.

Grand Total: 248 creatures vanquished

Notes
Turn   | Place    | Note
-------+----------+-------------------------------------------
     0 | D:1      | snetch the Minotaur Berserker began the quest for the Orb.
     0 | D:1      | Reached XP level 1. HP: 19/19 MP: 0/0
   223 | D:1      | Reached XP level 2. HP: 27/27 MP: 1/1
  1173 | D:2      | Found a shimmering blue altar of Sif Muna.
  1176 | D:2      | You fall into a shaft and drop 1 floor!
  1200 | D:3      | Reached XP level 3. HP: 26/33 MP: 2/2
  1204 | D:3      | Reached skill level 3 in Armour
  1329 | D:2      | Reached ** piety under Trog
  1909 | D:2      | Reached XP level 4. HP: 37/41 MP: 3/3
  2125 | D:3      | Reached skill level 5 in Axes
  2649 | D:3      | Found a runed translucent door.
  2649 | D:3      | Noticed Wiilli's ghost (amateur SpVM)
  2787 | D:3      | Reached XP level 5. HP: 47/47 MP: 4/4
  2797 | D:3      | Found a faded altar of an unknown god.
  3007 | D:3      | Killed Wiilli's ghost
  3008 | D:3      | Reached skill level 4 in Armour
  3225 | D:4      | Noticed Eustachio
  3246 | D:4      | Killed Eustachio
  3247 | D:4      | Reached skill level 5 in Fighting
  3247 | D:4      | Reached XP level 6. HP: 34/56 MP: 5/5
  3421 | D:5      | Entered Level 5 of the Dungeon
  3452 | D:4      | Reached skill level 5 in Armour
  3457 | D:4      | Found a staircase to the Ecumenical Temple.
  3775 | Temple   | Entered the Ecumenical Temple
  4007 | D:5      | Reached XP level 7. HP: 36/62 MP: 6/6
  4334 | D:5      | Found a stormy altar of Qazlal.
  4365 | D:5      | Found a shadowy altar of Dithmenos.
  4491 | D:6      | Reached skill level 6 in Armour
  4738 | D:5      | Found an ornate altar of the Wu Jian Council.
  4895 | D:5      | Noticed Pikel
  4903 | D:5      | Killed Pikel
  4904 | D:5      | Reached skill level 1 in Polearms
  4904 | D:5      | Reached skill level 7 in Armour
  4904 | D:5      | Reached XP level 8. HP: 37/71 MP: 7/7
  5485 | D:6      | Reached skill level 8 in Armour
  5521 | D:6      | Found a burning altar of Makhleb.
  5871 | D:6      | Reached skill level 1 in Stealth
  5871 | D:6      | Reached XP level 9. HP: 73/78 MP: 8/8
  6135 | D:7      | Reached *** piety under Trog
  6403 | D:7      | HP: 2/117 [white imp (5)]
  6830 | D:7      | Reached skill level 9 in Armour
  6854 | D:7      | Reached skill level 1 in Maces & Flails
  6868 | D:7      | Found a basalt altar of Yredelemnul.
  7123 | D:7      | Found a glowing golden altar of the Shining One.
  7414 | D:8      | Noticed a two-headed ogre
  7425 | D:8      | Killed a two-headed ogre
  7428 | D:8      | Reached skill level 1 in Shields
  7652 | D:9      | Reached skill level 10 in Armour
  7655 | D:9      | Reached skill level 5 in Maces & Flails
  7668 | D:9      | Reached XP level 10. HP: 59/88 MP: 9/9
  8275 | D:7      | Upgraded the game from 0.29-a0-617-g7a6b98fccd to
                  | 0.29-a0-648-g6b26cc9f40
  8422 | D:9      | Reached **** piety under Trog
  8809 | D:9      | Found a broken altar of Ashenzari.
  8974 | D:9      | Noticed a white ugly thing
  8983 | D:9      | Killed a white ugly thing
  9077 | D:9      | Noticed a deep elf pyromancer
  9092 | D:9      | Reached skill level 11 in Armour
  9102 | D:9      | Killed a deep elf pyromancer
  9419 | D:9      | Reached ***** piety under Trog
  9613 | D:10     | Entered Level 10 of the Dungeon
  9874 | D:9      | Found a hide-covered altar of Uskayaw.
  9893 | D:9      | Identified the +6 great sword "Goblinslayer" {vorpal,
                  | Dex+4} (Trog gifted it to you on level 9 of the Dungeon)
  9893 | D:9      | Received a gift from Trog
 10097 | D:10     | Found an iron altar of Okawaru.
 10147 | D:10     | Reached XP level 11. HP: 39/95 MP: 10/10
 10155 | D:10     | Reached skill level 12 in Armour
 10200 | D:10     | Noticed Lodul
 10220 | D:10     | Killed Lodul
 10221 | D:10     | Mangled by an ogre

Illustrated notes

Levels and vault maps discovered:
D:1:      lightli_arrival_quake, layout_basic
D:2:      layout_basic, basic_altar, minmay_lizard_pond
D:3:      layout_loops_ring, shapermc_ecumenical_altar_mp_ritualfount,
          hellmonk_ghost_happy_afterlife
D:4:      layout_gridville, minmay_temple_entry_slanted, uniq_eustachio
D:5:      layout_loops_corners, mainiacjoe_overflow_brackets,
          old_standard_altar, mainiacjoe_overflow_chevrons, uniq_pikel
D:6:      layout_cave_pools, kennysheep_mini, chequers_serial_rivers_micro_e,
          due_unseen_surprise
D:7:      cheibrodos_helix_gallery, layout_loops_ring,
          mainiacjoe_overflow_small_starburst, lemuel_tele_altar
D:8:      layout_loops_corners, serial_demonic, serial_demonic_g,
          serial_demonic_c, serial_demonic_g, serial_demonic_e,
          serial_demonic_a, serial_demonic_a
D:9:      layout_roguey, ashenzari_conservatory_becter,
          nicolae_uskayaw_dance_hall, minmay_checkerbox
D:10:     layout_rooms, mainiacjoe_overflow_paths, lemuel_crystal_altar,
          minmay_lair_entry_grove, uniq_lodul
Temple:   minmay_temple_bridge_abc

Skill      XL: |  1  2  3  4  5  6  7  8  9 10 11 |
---------------+----------------------------------+-----
Axes           | 4 5 6 7 8 9 |  9.3
Fighting       | 4 5 6 7 8 9 |  9.1
Armour         | 3 4 5 7 8 10 11 12 | 12.1
Polearms       | 1 2 4 |  4.0
Dodging        | 3 |  3.9
Stealth        | 1 |  1.7
Maces & Flails | 6 9 |  9.9
Shields        | 1 3 4 |  4.2
Throwing       | |  0.1

Action                   |  1- 3 |  4- 6 |  7- 9 | 10-12 || total
-------------------------+-------+-------+-------+-------++-------
Melee: Hand axe          |    69 |    93 |    33 |       ||   195
       Headbutt          |     8 |    11 |    40 |    57 ||   116
       Punch             |     1 |       |     1 |       ||     2
       Trident           |       |       |    36 |       ||    36
       Whip              |       |       |   133 |   213 ||   346
Throw: Stone             |       |       |     3 |       ||     3
Invok: Berserk           |       |     3 |     3 |     1 ||     7
       Trog's Hand       |       |       |       |     2 ||     2
Armor: Scale mail        |     9 |       |       |       ||     9
       Chain mail        |    29 |    66 |    83 |    78 ||   256
Dodge: Dodged            |    38 |    32 |    94 |    59 ||   223
Block: Buckler           |       |       |    18 |    33 ||    51

Table legend: (Time is in decaauts)
 A = Elapsed time spent in this place.
 B = Non-inter-level travel time spent in this place.
 C = Inter-level travel time spent in this place.
 D = Time resting spent in this place.
 E = Time spent auto-exploring this place.
 F = Levels seen in this place.
 G = Mean time per level.
                   A        B        C        D        E       F      G
               +--------+--------+--------+--------+--------+-----+--------+
         Total |  10192 |   9765 |    427 |    186 |   7024 |  11 |  926.5 |
       Dungeon |  10049 |   9630 |    419 |    186 |   6926 |  10 | 1004.9 |
        Temple |    143 |    135 |      8 |      0 |     98 |   1 |  143.0 |
               +--------+--------+--------+--------+--------+-----+--------+

Top non-repeatable levels by time:
     D:5: 1489 daAuts
     D:7: 1366 daAuts
     D:8: 1341 daAuts
     D:9: 1265 daAuts
     D:3: 1101 daAuts
     D:2: 999 daAuts
     D:1: 927 daAuts
     D:4: 790 daAuts
     D:6: 623 daAuts
  Temple: 143 daAuts
    D:10: 143 daAuts
